 Dungeon Crawl Stone Soup version 0.20.0-15-g7f486f2 (webtiles) character file.

46 zigma the Ruffian (level 3, -3/28 HPs)
             Began as a Draconian Transmuter on June 12, 2017.
             Was an Initiate of Makhleb.
             Slain by a gnoll
             ... wielding a +0 spear
              (9 damage)
             ... on level 2 of the Dungeon.
             The game lasted 00:02:57 (1037 turns).

zigma the Ruffian (Draconian Transmuter)            Turns: 1037, Time: 00:02:59

Health: -3/28      AC:  5    Str: 12    XL:     3   Next: 44%
Magic:  5/6        EV: 12    Int: 14    God:    Makhleb [......]
Gold:   22         SH:  0    Dex: 11    Spells: 5/6 levels left

rFire    + . .     SeeInvis .     - Unarmed
rCold    x . .     Gourm    .   (no shield)
rNeg     . . .     Faith    .   (armour unavailable)
rPois    .         Spirit   .   (helmet restricted)
rElec    .         Reflect  .   (no cloak)
rCorr    .         Harm     .   (no gloves)
MR       .....                  (boots currently unavailable)
Stlth    +.........             (no amulet)
Regen    0.1/turn               j - ring of fire
MPRegen  0.1/turn               (no ring)

@: appendage (expiring), berserk cooldown, very slightly contaminated, slowed,
invisible, very slow
A: unfitting armour, talons 3, cold-blooded, AC +5
a: End Transformation, Renounce Religion


You were on level 2 of the Dungeon.
You worshipped Makhleb.
Makhleb was noncommittal.
You were not hungry.
You had grown temporary talons.
You visited 1 branch of the dungeon, and saw 2 of its levels.

You collected 22 gold pieces.

Inventory:

Missiles
 a - 12 arrows
Jewellery
 j - a ring of fire (left hand)
Scrolls
 g - a scroll of magic mapping {unknown}
 h - a scroll of enchant weapon {unknown}
 i - a scroll of noise {unknown}
 k - a scroll of remove curse {unknown}
 o - a scroll of teleportation {unknown}
Books
 b - a book of Changes

   Spells                             Type                      Level
   a - Beastly Appendage              Transmutation                1
   b - Sticks to Snakes               Transmutation                2
   c - Spider Form                    Transmutation/Poison         3
   d - Ice Form                       Ice/Transmutation            4
   e - Blade Hands                    Transmutation                5
Comestibles
 c - a bread ration
 d - a royal jelly
 f - a meat ration


   Skills:
 - Level 1.1 Fighting
 - Level 1.7 Dodging
 - Level 0.2 Stealth
 * Level 4.2 Unarmed Combat
 - Level 2.0 Spellcasting
 + Level 2.2 Transmutations
 + Level 0.4 Invocations


You had 5 spell levels left.
You knew the following spells:

 Your Spells              Type           Power        Failure   Level  Hunger
a - Beastly Appendage     Tmut           #.....       10%         1    ##.....


Dungeon Overview and Level Annotations

Branches:
Dungeon (2/15)

Altars:
Makhleb

Annotations:
D:2 Natasha


Innate Abilities, Weirdness & Mutations

Your plain brown scales are hard. (AC +5)
You cannot fit into any form of body armour.
You are cold-blooded and may be slowed by cold attacks.
You have claws for feet.


Message History

You feel better. The kobold closely misses you. The gnoll closely misses you.
Casting: Beastly Appendage
Confirm with . or Enter, or press ? or * to list all spells.
Your feet morph into talons.
The kobold hits you with a mace. The gnoll hits you but does no damage.
The kobold hits you with a mace.
You hit the kobold.
You kill the kobold!
Makhleb accepts your kill. The gnoll misses you.
You hit the gnoll.
The gnoll is heavily wounded.
The gnoll hits you but does no damage.
You strike the helpless gnoll from behind!
You hit the gnoll but do no damage.
The gnoll is heavily wounded.
Your transformation is almost over.
The gnoll hits you with a spear.
* * * LOW HITPOINT WARNING * * *
The gnoll hits you with a spear!
You die...

# . .. #####
..###### #...#
.......#### #...#
..........######...#
.....!..#....)gg...#
...K.######≈≈###@..#
...g###⌠#⌠##≈# #...#
...g##≈≈§≈≈#§# #..##
....##≈...§#§# #.##
##..#⌠≈...≈#≈###.#
#..##≈._..'..##.#
#⌠≈§..≈#≈....####
##§...≈#≈##.###.#
#§≈≈§≈#≈##...).##


You could see 2 gnolls.

Vanquished Creatures
  2 gnolls (D:2)
  A dart slug (D:1)
  4 goblins (D:1)
  4 hobgoblins
  7 kobolds
  2 bats (D:1)
  2 frilled lizards (D:1)
  3 rats (D:1)
25 creatures vanquished.

Notes
Turn   | Place    | Note
-------+----------+-------------------------------------------
     0 | D:1      | zigma the Draconian Transmuter began the quest for the Orb.
     0 | D:1      | Reached XP level 1. HP: 16/16 MP: 3/3
   203 | D:1      | Reached XP level 2. HP: 17/23 MP: 5/5
   965 | D:2      | Reached skill level 4 in Unarmed Combat
   973 | D:2      | Found a burning altar of Makhleb.
   978 | D:2      | Became a worshipper of Makhleb the Destroyer
  1010 | D:2      | Noticed Natasha
  1028 | D:2      | Reached XP level 3. HP: 13/28 MP: 6/6
  1037 | D:2      | Slain by a gnoll

Skill      XL: |  1  2 |
---------------+-------+-----
Unarmed Combat | 4 |  4.2
Fighting       | |  1.1
Dodging        | |  1.7
Stealth        | |  0.2
Spellcasting   | |  2.0
Transmutations | |  2.2
Invocations    | |  0.4

Action                   || total
-------------------------++-------
Melee: Unarmed           ||    77
       Tailslap          ||     8
       Punch             ||     1
 Cast: Beastly Appendage ||     1
  Use: Scroll            ||     2
       Potion            ||     3
 Stab: Sleeping          ||     3
       Invisible         ||     1
Armor: Skin              ||    16
Dodge: Dodged            ||    41
